 Dungeon Crawl Stone Soup version 0.28-a0-691-gad6df49e81 (webtiles) character file.

Game seed: 8639737938710742716

685 ytrimaz the Chopper (level 7, 0/56 HPs)
             Began as a Formicid Fighter on Oct 20, 2021.
             Was a Follower of Makhleb.
             Slain by an orc (2 damage)
             ... on level 5 of the Dungeon.
             The game lasted 00:06:25 (4353 turns).

ytrimaz the Chopper (Formicid Fighter)              Turns: 4353, Time: 00:06:26

Health: 0/56       AC: 14    Str: 22    XL:     7   Next: 93%
Magic:  0/7        EV:  7    Int:  8    God:    Makhleb [*.....]
Gold:   211        SH:  4    Dex: 10    Spells: 6/6 levels left

rFire   + . .      SeeInvis +   q - +2 war axe (vamp)
rCold   + . .      Faith    .   c - +0 buckler
rNeg    + . .      Spirit   +   g - +0 chain mail
rPois   +          Reflect  .   (helmet unavailable)
rElec   +          Harm     .   b - +1 cloak "Byss" {rPois}
rCorr   +          Rampage  .   (no gloves)
Will    .....                   r - +2 pair of boots
Stlth   ..........              f - amulet of guardian spirit
HPRegen 0.18/turn               t - ring of positive energy
MPRegen 0.10/turn               (no ring)

@: mighty, resistant
A: permanent stasis, dig shafts and tunnels, antennae 3, four strong arms
a: Dig, Shaft Self, Renounce Religion


You were on level 5 of the Dungeon.
You worshipped Makhleb.
Makhleb was aware of your devotion.
You visited 2 branches of the dungeon, and saw 6 of its levels.

You collected 211 gold pieces.

Inventory:

Hand Weapons
 a - a +1 spectral war axe
 q - a +2 vampiric war axe (weapon)
 s - a +6 battleaxe of freezing
Armour
 b - the +1 cloak "Byss" (worn) {rPois}
   (You acquired it on level 3 of the Dungeon)

   rPois:     It protects you from poison.
 c - a +0 buckler (worn)
 g - a +0 chain mail (worn)
 r - a +2 pair of boots (worn)
Jewellery
 f - an amulet of guardian spirit (around neck)
 t - a ring of positive energy (left hand)
Scrolls
 e - 4 scrolls of identify
 h - 2 scrolls of summoning
Potions
 d - a potion of might
 i - a potion of resistance
 j - 2 potions of invisibility {unknown}
 k - a potion of curing {unknown}
 l - a potion of ambrosia {unknown}
 m - a potion of lignification {unknown}
 n - a potion of degeneration {unknown}
 o - a potion of heal wounds {unknown}
 u - a potion of magic {unknown}


   Skills:
 + Level 5.4 Fighting
 + Level 7.3 Axes
 - Level 3.2 Armour
 - Level 3.6 Shields


You had 6 spell levels left.
You didn't know any spells.
Your spell library contained the following spells:

 Spells                   Type           Power      Damage    Failure   Level
 Apportation              Tloc           0%         N/A       98%         1
 Foxfire                  Conj/Fire      0%         2x1d4     98%         1
 Slow                     Hex            0%         N/A       99%         2
 Sublimation of Blood     Necr           0%         N/A       99%         2
 Wereblood                Tmut           0%         N/A       99%         2
 Confusing Touch          Hex            0%         N/A       100%        3
 Conjure Flame            Conj/Fire      0%         6-21      100%        3
 Inner Flame              Hex/Fire       0%         N/A       100%        3
 Lesser Beckoning         Tloc           0%         N/A       100%        3
 Flame Wave               Conj/Fire      0%         3d3       100%        4
 Leda's Liquefaction      Hex/Erth       0%         N/A       100%        4
 Alistair's Intoxication  Tmut/Pois      0%         N/A       100%        5
 Lee's Rapid Deconstruct  Erth           0%         3d5*      100%        5
 Manifold Assault         Tloc           0%         N/A       100%        5
 Yara's Violent Unravell  Hex/Tmut       0%         3d3       100%        5
 Invisibility             Hex            0%         N/A       100%        6
 Statue Form              Tmut/Erth      0%         N/A       100%        6
 Summon Hydra             Summ           0%         N/A       100%        7
 Blink                    Tloc           Unusable   N/A       N/A         2

Dungeon Overview and Level Annotations

Branches:
Dungeon (5/15)             Temple (1/1) D:4

Altars:
Ashenzari
Cheibriados
Dithmenos
Elyvilon
Gozag
Kikubaaqudgha
Makhleb
Nemelex Xobeh
Okawaru
Vehumet
Wu Jian
Zin
The Shining One
Beogh

Annotations:
D:5 cheechan's ghost, novice OpFi


Innate Abilities, Weirdness & Mutations

You cannot be hasted, slowed, berserked, paralysed or teleported.
You can dig through walls and to a lower floor.
You have a pair of large antennae on your head. (SInv)
Your four strong arms can wield two-handed weapons with a shield.


Message History

You hit the orc but do no damage.
You feel sick. Cheechan's ghost hits you. The orc hits you but does no damage.
The orc closely misses you.
Unknown command.
You slice the orc priest!!
You kill the orc priest!
Makhleb accepts your kill.
Your chain mail prevents you from hitting the orc.
You closely miss the orc. You barely miss cheechan's ghost.
You feel sick.
Cheechan's ghost hits you but does no damage.
The orc hits you with a +0 hand axe.
* * * LOW HITPOINT WARNING * * *
The orc barely misses you.
Unknown command.
You slash the orc!
You feel better.
You kill the orc!
Makhleb accepts your kill.
You barely miss the orc. You barely miss cheechan's ghost.
You hit the orc but do no damage.
You feel sick.
You are no longer poisoned.
You block cheechan's ghost's attack. The orc hits you with a +0 war axe!
* * * LOW HITPOINT WARNING * * *
The orc hits you with a +0 hand axe.
* * * LOW HITPOINT WARNING * * *
The orc hits you but does no damage. Cheechan's ghost hits you.
* * * LOW HITPOINT WARNING * * *
Unknown command.
Unknown command.
You closely miss the orc. You hit the orc. You closely miss cheechan's ghost.
The orc barely misses you. You block the orc's attack.
The orc hits you but does no damage. Cheechan's ghost stares at you.
Cheechan's ghost hits you but does no damage.
Unknown command.
Okay, then.
Unknown command.
Are you sure you want to shaft yourself?
The orc hits you with a +0 war axe.
* * * LOW HITPOINT WARNING * * *
The orc hits you with a +0 hand axe.
You die...

#.#######.####.###
#'#######.##......
#######8........##.#.###
8.....#.........##.#.†..
..##..#.........##..>...
..8#..#..>......####....
..##..#..######.# #....
...(#.#).# #.# #....
...{#.o@.## #.# #....
_.8.#oW)o.#####.####....
[...#.'.))....#....'....
....#.#.......######....
..##..#.......# #.)..
..8#..#.......# #....
.##..#.......# #.... 8
....#.......# #####
######8......#


You could see cheechan's ghost and 3 orcs.

Vanquished Creatures
  A black bear (D:5)
  An ogre (D:5)
  A scorpion (D:5)
  A bullfrog (D:5)
  A quasit (D:5)
  A bullfrog zombie (D:5)
  An orc priest (D:5)
  A hound (D:4)
  4 iguanas (D:5)
  4 gnolls (D:4)
  2 howler monkey skeletons
  3 adders
  A shadow imp (D:5)
  3 dart slugs
  12 orcs
  2 endoplasms
  2 giant cockroaches
  3 hobgoblins
  2 jackals (D:1)
  3 kobolds
  7 quokkas
  A ball python (D:1)
  4 bats
  2 frilled lizards
  5 goblins
  2 goblin skeletons (D:5)
  2 hobgoblin zombies (D:5)
  2 kobold skeletons (D:5)
  2 orc skeletons (D:5)
  An orc zombie (D:5)
  4 rats
81 creatures vanquished.

Vanquished Creatures (others)
  A plant (D:2)
1 creature vanquished.

Grand Total: 82 creatures vanquished

Notes
Turn   | Place    | Note
-------+----------+-------------------------------------------
     0 | D:1      | ytrimaz the Formicid Fighter began the quest for the Orb.
     0 | D:1      | Reached XP level 1. HP: 18/18 MP: 1/1
    26 | D:1      | Found a faded altar of an unknown god.
   250 | D:1      | Reached XP level 2. HP: 24/24 MP: 2/2
  1062 | D:2      | Reached XP level 3. HP: 28/30 MP: 3/3
  1283 | D:2      | Reached skill level 3 in Axes
  1602 | D:2      | Reached XP level 4. HP: 37/37 MP: 4/4
  1962 | D:3      | Found a radiant altar of Vehumet.
  2013 | D:3      | Identified 2 scrolls of acquirement
  2013 | D:3      | Acquired a +6 battleaxe of freezing
  2017 | D:3      | Acquired the +1 cloak "Byss" {rPois}
  2257 | D:3      | Found a white marble altar of Elyvilon.
  2395 | D:4      | Reached skill level 4 in Axes
  2395 | D:4      | Reached XP level 5. HP: 42/42 MP: 3/5
  2484 | D:4      | Found a staircase to the Ecumenical Temple.
  2508 | Temple   | Entered the Ecumenical Temple
  2913 | Temple   | Became a worshipper of Makhleb the Destroyer
  2956 | D:4      | Found a sparkling altar of Nemelex Xobeh.
  3398 | D:5      | Entered Level 5 of the Dungeon
  3406 | D:5      | Reached skill level 5 in Axes
  3406 | D:5      | Reached XP level 6. HP: 25/49 MP: 2/6
  3727 | D:5      | Noticed a black bear
  3729 | D:5      | Found a glowing golden altar of the Shining One.
  3738 | D:5      | Killed a black bear
  3755 | D:5      | Reached skill level 6 in Axes
  3755 | D:5      | Reached XP level 7. HP: 55/55 MP: 7/7
  3834 | D:5      | Reached skill level 5 in Fighting
  3987 | D:5      | Found a runed translucent gate.
  3988 | D:5      | Found a runed translucent gate.
  3988 | D:5      | Noticed cheechan's ghost (novice OpFi)
  3989 | D:5      | Identified the +4 hand axe of Wrongful Imprisonment {speed,
                  | *Noise rElec rPois rC+}
  3989 | D:5      | Identified the +0 scale mail of the Heron {Str+5 Dex+2}
  4212 | D:5      | Reached skill level 7 in Axes
  4322 | D:5      | Found a runed translucent gate.
  4330 | D:5      | Reached * piety under Makhleb
  4353 | D:5      | HP: 2/56 [orc (4)]
  4353 | D:5      | Slain by an orc

Illustrated notes

Levels and vault maps discovered:
D:1:      amcnicky_arrival_choice, layout_loops_ring,
          hellmonk_ecumenical_altar_pennies_from_heaven, grunt_decor_junction
D:2:      wad_lake_hut, layout_loops_ring, serial_rivers,
          chequers_serial_rivers_micro_e, chequers_serial_rivers_micro_b,
          chequers_serial_rivers_large_b, chequers_serial_rivers_micro_c
D:3:      layout_rooms, nicolae_vehumet_altar_sigil,
          nicolae_elyvilon_temple_path, serial_curves, eino_curves_02,
          eino_curves_01
D:4:      layout_gridville, mainiacjoe_overflow_24_doors,
          minmay_temple_entry_stoned_glass
D:5:      layout_basic, nicolae_tso_besieged_by_evil, biasface_ghost_orc_armoury
Temple:   compressed_dpeg_triangle_lava_temple

Skill      XL: |  1  2  3  4  5  6  7 |
---------------+----------------------+-----
Axes           | 3 4 5 6 7 |  7.3
Fighting       | 4 5 |  5.4
Armour         | |  3.2
Shields        | |  3.6

Action                   |  1- 3 |  4- 6 |  7- 9 || total
-------------------------+-------+-------+-------++-------
Melee: War axe           |    62 |    68 |    45 ||   175
 Abil: Dig               |       |     3 |       ||     3
       Shaft Self        |       |       |     1 ||     1
  Use: Scroll            |     3 |     9 |       ||    12
       Potion            |       |       |     2 ||     2
Armor: Scale mail        |    20 |       |       ||    20
       Chain mail        |     1 |    40 |    37 ||    78
Dodge: Dodged            |    39 |    28 |    20 ||    87
Block: Buckler           |    12 |    22 |    15 ||    49

Table legend: (Time is in decaauts)
 A = Elapsed time spent in this place.
 B = Non-inter-level travel time spent in this place.
 C = Inter-level travel time spent in this place.
 D = Time resting spent in this place.
 E = Time spent auto-exploring this place.
 F = Levels seen in this place.
 G = Mean time per level.
                   A        B        C        D        E       F      G
               +--------+--------+--------+--------+--------+-----+--------+
         Total |   4461 |   4331 |    130 |      0 |   3442 |   6 |  743.5 |
       Dungeon |   4043 |   3913 |    130 |      0 |   3132 |   5 |  808.6 |
        Temple |    418 |    418 |      0 |      0 |    310 |   1 |  418.0 |
               +--------+--------+--------+--------+--------+-----+--------+

Top non-repeatable levels by time:
     D:2: 1038 daAuts
     D:5: 968 daAuts
     D:1: 792 daAuts
     D:3: 628 daAuts
     D:4: 615 daAuts
  Temple: 418 daAuts
